 Dungeon Crawl Stone Soup version 0.25.1-2-g60ff931df9 (webtiles) character file.

Game seed: 5756742436384882400

15 Exodus22XD the Sneak (level 2, 0/11 HPs)
             Began as a Felid Enchanter on Oct 11, 2020.
             Slain by a jackal (3 damage)
             ... on level 1 of the Dungeon.
             The game lasted 00:01:23 (514 turns).

Exodus22XD the Sneak (Felid Enchanter)               Turns: 514, Time: 00:01:23

Health: 0/11       AC:  1    Str:  4    XL:     2   Next: 34%
Magic:  1/6        EV: 18    Int: 16    God:
Gold:   42         SH:  0    Dex: 16    Spells: 2/5 levels left
                                        Lives:  0   Deaths: 0

rFire    . . .     SeeInvis +     - Unarmed
rCold    . . .     Gourm    .   (shield unavailable)
rNeg     . . .     Faith    .   (armour unavailable)
rPois    .         Spirit   .   (helmet unavailable)
rElec    .         Reflect  .   (cloak unavailable)
rCorr    .         Harm     .   (gloves unavailable)
MR       .....                  (boots unavailable)
Stlth    +++.......             (no amulet)
HPRegen  0.03/turn              (no ring)
MPRegen  0.10/turn              (no ring)

@: quick
A: very small, no armour, no weapons or thrown items, stealth, claws 1, fangs 3,
see invisible, carnivore, speed 1, shaggy fur 1, slow metabolism 1, sharp paws
a: no special abilities


You were on level 1 of the Dungeon.
You were full.

You visited 1 branch of the dungeon, and saw 1 of its levels.

You collected 42 gold pieces.

Inventory:

Scrolls
 a - 2 scrolls of identify {unknown}
Comestibles
 b - 2 rations


   Skills:
 - Level 2.6 Dodging
 + Level 5.3 Stealth
 - Level 1.0 Unarmed Combat
 - Level 2.0 Spellcasting
 - Level 4.4 Hexes


You had 2 spell levels left.
You knew the following spells:

 Your Spells              Type           Power        Failure   Level  Hunger
a - Corona                Hex            ###....      3%          1    #......
b - Ensorcelled Hibernat  Hex/Ice        #.....       13%         2    ###....

Your spell library contained the following spells:

 Spells                   Type           Power        Failure   Level  Hunger
 Confusing Touch          Hex            ###.....     11%         3    ###....
 Tukima's Dance           Hex            ###.....     11%         3    ###....
 Dazzling Flash           Conj/Hex       #.....       26%         3    ###....


Dungeon Overview and Level Annotations

Branches:
Dungeon (1/15)

Altars:


Innate Abilities, Weirdness & Mutations

You cannot wear armour.
You are incapable of wielding weapons or throwing items.
Your paws allow you to move quietly. (Stealth)
You have sharp claws.
You have razor-sharp teeth.
You have supernaturally acute eyesight. (SInv)
You are carnivorous and can eat meat at any time.
You cover ground quickly.
You are covered in fur. (AC +1)
You have a slow metabolism.
Your sharp claws are effective at attacking unaware monsters.


Message History

The bat hits you.
You closely miss the bat. Your bite misses the bat.
The bat is moderately wounded.
The bat hits you.
The jackal bites you but does no damage.
The bat barely misses you.
You closely miss the bat.
The bat is moderately wounded.
The bat hits you.
* * * LOW HITPOINT WARNING * * *
The jackal completely misses you. x2
The bat closely misses you. The bat closely misses you.
You scratch the bat.
You kill the bat!
The jackal barely misses you.
A frilled lizard comes into view.
You see here a bat corpse.
The jackal bites you.
You die...

#.###.###.##.
#............
#####h###.##. #.#
#.# # #.# #.# .#
#######h# #.###.
#....†..# #l#..
#.####### #.#.# #.#
#@#.####### #.#
#.h........
#.###########.######
#.............#
############..# #..#
#.... #.#### #.#


You could see a jackal and a frilled lizard (asleep).

Vanquished Creatures
  An ooze (D:1)
  3 hobgoblins (D:1)
  A jackal (D:1)
  2 bats (D:1)
  2 goblins (D:1)
  A rat (D:1)
10 creatures vanquished.

Notes
Turn   | Place    | Note
-------+----------+-------------------------------------------
     0 | D:1      | Exodus22XD the Felid Enchanter began the quest for the Orb.
     0 | D:1      | Reached XP level 1. HP: 7/7 MP: 4/4
   129 | D:1      | Reached XP level 2. HP: 6/11 MP: 4/6
   143 | D:1      | Reached skill level 5 in Stealth
   414 | D:1      | Learned a level 2 spell: Ensorcelled Hibernation
   514 | D:1      | Slain by a jackal

Illustrated notes

Levels and vault maps discovered:
D:1:      sevenhm_arrival_forest_fort_large_1, layout_loops_ring, st_stairs_4

Skill      XL: |  1  2 |
---------------+-------+-----
Stealth        | 5 |  5.3
Dodging        | |  2.6
Unarmed Combat | |  1.0
Spellcasting   | |  2.0
Hexes          | |  4.4

Action                   || total
-------------------------++-------
Melee: Unarmed           ||    29
       Bite              ||     2
 Cast: Corona            ||     7
       Ensorcelled Hiber ||     3
 Stab: Sleeping          ||     4
  Eat: Chunk             ||     3
Armor: Skin              ||     2
Dodge: Dodged            ||    43
